 Dungeon Crawl Stone Soup version 0.30-a0-1112-gfb780f5df6 (webtiles) character file.

Game seed: 10674358386348835272

2475 yokelz the Fighter (level 9, -8/82 HPs)
             Began as a Hill Orc Monk on Apr 20, 2023.
             Was a Priest of Cheibriados.
             Killed from afar by a gargoyle (17 damage)
             ... with a stone arrow
             ... on level 8 of the Dungeon.
             The game lasted 00:18:00 (6281 turns).

yokelz the Fighter (Hill Orc Monk)                  Turns: 6281, Time: 00:18:01

Health: -8/82      AC: 16    Str: 20    XL:     9   Next: 51%
Magic:  11/14      EV:  8    Int: 16    God:    Cheibriados [***...]
Gold:   333        SH:  0    Dex: 23    Spells: 8/8 levels left

rFire   . . .      SeeInvis .    a - +1 falchion (spect)
rCold   + . .      Faith    +    (no shield)
rNeg    . . .      Spirit   .    s - +0 plate armour
rPois   .          Reflect  .    D - +1 helmet
rElec   .          Rampage  .    e - +1 cloak
rCorr   .                        (no gloves)
Will    .....                    (no boots) Stlth
                                 l - amulet of faith
HPRegen 0.33/turn                A - ring of protection from cold
MPRegen 0.14/turn                (no ring)

@: attractive, very slow
A: no striking features
a: Renounce Religion, Bend Time, Temporal Distortion


You were on level 8 of the Dungeon.
You worshipped Cheibriados.
Cheibriados was most pleased with you.
You visited 2 branches of the dungeon, and saw 9 of its levels.

You collected 333 gold pieces.

Inventory:

Hand Weapons
 a - a +1 spectral falchion (weapon)
 b - a +0 arbalest
 C - a +2 great sword
Missiles
 g - 17 poisoned darts (quivered)
 n - 2 atropa-tipped darts
 q - 2 throwing nets
Armour
 d - an orb of light
 e - a +1 cloak (worn)
 s - a +0 plate armour (worn)
 D - a +1 helmet (worn)
Magical Staves
 y - a staff of death
Jewellery
 f - a ring of protection from fire
 h - a ring of magical power
 k - a ring of fire
 l - an amulet of faith (around neck)
 m - a ring of fire
 A - a ring of protection from cold (left hand)
 H - a ring of magical power
Wands
 I - a wand of digging (6)
 K - a wand of mindburst (14)
Scrolls
 j - a scroll of magic mapping
 o - 2 scrolls of fog
 p - a scroll of enchant armour
 v - 3 scrolls of immolation
 B - a scroll of blinking {unknown}
 E - 2 scrolls of vulnerability {unknown}
 G - a scroll of enchant weapon
 J - a scroll of silence {unknown}
Potions
 c - 3 potions of ambrosia
 r - 3 potions of brilliance
 t - 3 potions of curing
 u - 3 potions of flight
 w - a potion of resistance
 x - a potion of invisibility
 z - 2 potions of mutation {unknown}
 F - a potion of haste {unknown}


   Skills:
 + Level 8.9 Fighting
 - Level 8.6 Long Blades
 - Level 4.0 Armour
 - Level 4.0 Dodging
 + Level 6.9 Invocations


You had 8 spell levels left.
You didn't know any spells.
Your spell library contained the following spells:

 Spells                   Type           Power      Damage    Failure   Level
 Summon Forest            Summ/Tloc      0%         N/A       100%        5
 Eringya's Noxious Bog    Tmut/Pois      0%         N/A       100%        6
 Summon Hydra             Summ           0%         N/A       100%        7


Dungeon Overview and Level Annotations

Branches:
Dungeon (8/15)             Temple (1/1) D:6
   Lair: D:8-11

Altars:
Ashenzari
Cheibriados
Dithmenos
Elyvilon
Fedhas
Gozag
Hepliaklqana
Kikubaaqudgha
Makhleb
Nemelex Xobeh
Okawaru
Qazlal
Ru
Sif Muna
Trog
Uskayaw
Vehumet
Wu Jian
Yredelemnul
Zin
The Shining One


Message History

g - Guard the area. f - Follow me.
Anything else - Cancel.
You shout for attention!
You start waiting.
A gargoyle comes into view. It is wielding a +1 mace of holy wrath.
The gargoyle hurls a stone arrow at you.
The stone arrow misses you.
The gargoyle hurls a stone arrow at you.
The stone arrow hits you!
The gargoyle hurls a stone arrow at you.
The stone arrow hits you!!
The gargoyle hurls a stone arrow at you.
The stone arrow hits you.
The gargoyle hits you with a +1 mace of holy wrath!
You hit the gargoyle but do no damage.
The gargoyle hits you with a +1 mace of holy wrath!
You hit the gargoyle but do no damage. You completely miss the gargoyle.
The gargoyle hits you but does no damage.
You hit the gargoyle but do no damage. The gargoyle closely misses you.
You barely miss the gargoyle.
You punch the gargoyle, but do no damage.
The gargoyle hits you but does no damage.
You hit the gargoyle but do no damage. The gargoyle barely misses you.
You hit the gargoyle but do no damage.
The gargoyle hurls a stone arrow at you.
The stone arrow hits you!!
* * * LOW HITPOINT WARNING * * *
Okay, then.
Okay, then.
Okay, then.
The flow of time bends around you.
Cheibriados rebukes the gargoyle.
The gargoyle seems to slow down.
Cheibriados lowers the support of your attributes as your movement quickens.
It was a potion of attraction.
You feel attractive to monsters.
The gargoyle hurls a stone arrow at you.
The stone arrow hits you!
You die...

+........#.....<..#####
#......#†#.####...#
.......#.#...##...#
.......#...#.##...#
.......#.#........#
.......#.#.#.....##
.......#.#.#..##.#
.......#.#.#..##9#
#.#.#..##@# #.#.#..##.#
#.#.#...#.# #..##)#
........# #Y###.### #..
#.. #.#


You could see a gargoyle (slow).

Vanquished Creatures
  A wyvern (D:8)
  2 water moccasins
  Duvessa (D:7)
  A black bear (D:6)
  An orc warrior (D:6)
  2 ice beasts
  2 centaurs
  A phantom (D:6)
  A gnoll sergeant (D:7)
  4 bullfrogs
  A kobold brigand (D:6)
  2 scorpions
  3 wights (D:6)
  Dowan (D:7)
  3 howler monkeys
  2 hounds
  5 jellies
  An orc priest (D:6)
  An iguana (D:6)
  3 orc wizards
  3 gnolls (D:7)
  11 adders
  2 shadow imps (D:6)
  4 white imps
  An ufetubus (D:6)
  2 dart slugs
  12 orcs
  6 ball pythons
  5 endoplasms
  A giant cockroach (D:2)
  2 hobgoblins (D:3)
  2 jackals (D:4)
  2 quokkas (D:2)
  9 bats
  4 frilled lizards
  4 goblins
  11 kobolds
  3 rats
122 creatures vanquished.

Vanquished Creatures (others)
  11 plants (D:6)
11 creatures vanquished.

Grand Total: 133 creatures vanquished

Notes
Turn   | Place    | Note
-------+----------+-------------------------------------------
     0 | D:1      | yokelz the Hill Orc Monk began the quest for the Orb.
     0 | D:1      | Reached XP level 1. HP: 19/19 MP: 1/1
   120 | D:1      | Reached XP level 2. HP: 26/26 MP: 2/2
   492 | D:1      | You fall into a shaft and drop 1 floor!
   517 | D:2      | Reached XP level 3. HP: 29/31 MP: 3/3
   721 | D:3      | Reached skill level 5 in Long Blades
   874 | D:2      | Reached XP level 4. HP: 39/39 MP: 4/4
  1341 | D:3      | Found a faded altar of an unknown god.
  1817 | D:4      | Noticed a scorpion
  1818 | D:4      | Noticed a bullfrog
  1837 | D:4      | Killed a scorpion
  1838 | D:4      | Reached XP level 5. HP: 13/45 MP: 5/5
  1842 | D:4      | Reached XP level 6. HP: 4/51 MP: 6/6
  1843 | D:4      | HP: 3/76 [poisoned by a scorpion]
  2118 | D:4      | Identified the +3 cloak "Petrog" {rElec rF++}
  2742 | D:5      | Entered Level 5 of the Dungeon
  2765 | D:5      | Reached skill level 1 in Armour
  3030 | D:5      | Reached XP level 7. HP: 43/59 MP: 7/7
  3773 | D:6      | HP: 2/60 [orc warrior/+0 hand axe (2)]
  3855 | D:6      | Reached skill level 5 in Fighting
  4190 | D:6      | Reached XP level 8. HP: 55/64 MP: 8/8
  4524 | D:6      | Found a staircase to the Ecumenical Temple.
  4536 | Temple   | Entered the Ecumenical Temple
  4599 | Temple   | Became a worshipper of Cheibriados the Contemplative
  4599 | Temple   | Reached * piety under Cheibriados
  4599 | Temple   | Reached ** piety under Cheibriados
  4825 | D:6      | Found a sacrificial altar of Ru.
  4909 | D:6      | Reached skill level 1 in Invocations
  5362 | D:7      | Reached XP level 9. HP: 51/79 MP: 10/12
  5521 | D:7      | Noticed Duvessa
  5523 | D:7      | Noticed Dowan
  5529 | D:7      | Killed Duvessa
  5533 | D:7      | Reached skill level 5 in Invocations
  5544 | D:7      | Killed Dowan
  5800 | D:8      | Reached *** piety under Cheibriados
  6264 | D:8      | Noticed a gargoyle
  6281 | D:8      | Killed from afar by a gargoyle

Illustrated notes

Levels and vault maps discovered:
D:1:      lemuel_arrival_cross, layout_loops_ring
D:2:      layout_loops_corners, minmay_tetromino_i2
D:3:      layout_rooms, chequers_ecumenical_altar_simple
D:4:      layout_cave_pods
D:5:      layout_loops_ring
D:6:      layout_basic, nicolae_ru_the_path_less_chosen,
          minmay_temple_entry_butterflies
D:7:      layout_basic, uniq_duvessa
D:8:      layout_basic, minmay_manual_monstrance
Temple:   nicolae_temple_bog_church

Skill      XL: |  1  2  3  4  5  6  7  8  9 |
---------------+----------------------------+-----
Long Blades    | 4 5 6 7 8 |  8.6
Armour         | 1 3 4 |  4.0
Fighting       | 4 5 7 8 |  8.9
Dodging        | 3 4 |  4.0
Invocations    | 4 6 |  6.9

Action                     |  1- 3 |  4- 6 |  7- 9 || total
---------------------------+-------+-------+-------++-------
  Melee: Falchion          |    77 |    94 |   229 ||   400
         Punch             |       |       |     4 ||     4
   Fire: Arbalest          |       |       |     9 ||     9
 Invoke: Bend Time         |       |       |     1 ||     1
    Use: Potion            |       |     1 |     3 ||     4
         Scroll            |       |    13 |     3 ||    16
 Armour: Robe              |     5 |       |       ||     5
         Leather armour    |     7 |       |       ||     7
         Chain mail        |    20 |    48 |    15 ||    83
         Skin              |       |     9 |       ||     9
         Plate armour      |       |       |   127 ||   127
  Dodge: Dodged            |    50 |    30 |    76 ||   156

Table legend: (Time is in decaauts)
 A = Elapsed time spent in this place.
 B = Non-inter-level travel time spent in this place.
 C = Inter-level travel time spent in this place.
 D = Time resting spent in this place.
 E = Time spent auto-exploring this place.
 F = Levels seen in this place.
 G = Mean time per level.
                   A        B        C        D        E       F      G
               +--------+--------+--------+--------+--------+-----+--------+
         Total |   6791 |   6631 |    160 |    905 |   4415 |   9 |  754.6 |
       Dungeon |   6714 |   6554 |    160 |    905 |   4415 |   8 |  839.2 |
        Temple |     76 |     76 |      0 |      0 |      0 |   1 |   76.0 |
               +--------+--------+--------+--------+--------+-----+--------+

Top non-repeatable levels by time:
     D:6: 1497 daAuts
     D:7: 1099 daAuts
     D:4: 1055 daAuts
     D:2: 808 daAuts
     D:5: 798 daAuts
     D:8: 571 daAuts
     D:1: 496 daAuts
     D:3: 387 daAuts
  Temple: 76 daAuts
